Unix NetHack Version 3.7.0-88 Work-in-progress - last build Aug 21 2023 04:08:40 (b68ccb3e4f8f5dcb83e1e40b1ff56e7dffd4cd28,branch:master). Game began 2023-08-30 17:16:49, ended 2023-08-30 19:51:55. Arasaka, chaotic female human Rogue ----------- ----- |.........| ------------- ###%.[[| |.......|.-## ##............| ---------- # |..[| |.........| # # |...........| |........| # |..)| |.........| ### |...........| |.........# # ----- |.........|####)|...........| |....<...|# ## -----|----- ##-|----------- |........|# ----+---# ## # ######### -.--+-----# .......|# # # ### #### # |..>...|# ### ## ## ## # # |......|# # ## ## # ###### |....h.|# ## # ### -----|-- ####.....q.q@ --.---# ##### |......|## -------- |....|# ### |.......# |.....# -----.-.--- +......| |....| |.........| -------- |....| |.........| #### |..... |..........############ ------ ----------- Arasaka the Cutpurse St:12 Dx:18 Co:12 In:9 Wi:13 Ch:11 Chaotic Dlvl:4 $:24 HP:0(30) Pw:15(15) AC:6 Xp:4/89 T:1437 Burdened Latest messages: You are already wearing that! What do you want to wear? [C or ?*] You finish your dressing maneuver. You can't jump very far. The garter snake bites! The garter snake bites! The garter snake bites! The garter snake bites! You stop. Zonguldak is in the way! You hit the garter snake. The garter snake bites! The garter snake bites! You kill the garter snake! You see here a pair of gloves called leather (for sale, 8 zorkmids). "For you, esteemed lady; only 8 zorkmids for this pair of gloves called leather." You have a little trouble lifting E - a pair of gloves called leather (unpaid, 8 zorkmids). Itemized billing? [ynq] (q) A -1 pair of jungle boots (being worn) for 11 zorkmids. Pay? [yn] (n) You bought a -1 pair of jungle boots (being worn) for 11 gold pieces. A pair of gloves called leather for 8 zorkmids. Pay? [yn] (n) A pair of leather gloves; you bought it for 8 gold pieces. A +0 studded leather armor (being worn) for 15 zorkmids. Pay? [yn] (n) You bought a +0 studded leather armor (being worn) for 15 gold pieces. "Thank you for shopping in Zonguldak's used armor dealership!" What do you want to wear? [E or ?*] You finish your dressing maneuver. You see the garter snake slither under a balsa wand. It misses! You kill the garter snake! You have a little trouble lifting F - a balsa wand. There is an open door here. You see here a garter snake corpse. What do you want to write with? [- abhnw-yF or ?*] You write in the dust with your fingertip. What do you want to write with? [- abhnw-yF or ?*] Do you want to add to the current engraving? [ynq] (y) You add to the writing in the dust with a balsa wand. The bugs on the doorway stop moving! What do you want to call? [nw-yACEF or ?*] The rothe hits! The rothe bites! The rothe bites again! You hit the rothe. The rothe hits! The rothe bites! The rothe bites again! The rothe hits! The rothe bites! The rothe bites again! You die... Inventory: Coins ('$') $ - 24 gold pieces Weapons (')') a - an uncursed +0 dagger (weapon in hand) b - 13 uncursed +0 daggers (at the ready) h - an uncursed +0 short sword (alternate weapon; not wielded) Armor ('[') E - an uncursed +0 pair of leather gloves (being worn) C - a cursed -1 pair of elven boots (being worn) D - an uncursed +0 studded leather armor (being worn) Comestibles ('%') t - an uncursed eucalyptus leaf o - an uncursed lembas wafer Scrolls ('?') A - an uncursed scroll of remove curse Wands ('/') F - an uncursed wand of sleep (0:4) Tools ('(') z - an uncursed sack containing 13 items B - an uncursed frost horn (0:3) e - an uncursed lock pick Gems/Stones ('*') x - 2 uncursed fluorite stones n - an uncursed jade stone w - an uncursed worthless piece of black glass y - an uncursed worthless piece of yellow glass Contents of the sack: an uncursed scroll of amnesia a blessed scroll of confuse monster an uncursed scroll of enchant armor a cursed scroll of light an uncursed spellbook of charm monster an uncursed spellbook of knock an uncursed potion of acid an uncursed potion of extra healing an uncursed potion of full healing an uncursed potion of monster detection an uncursed potion of object detection an uncursed potion of sickness a cursed potion of sickness Arasaka the Rogue's attributes: Background: You were a Cutpurse, a level 4 female human Rogue. You were chaotic, on a mission for Kos who was opposed by Issek (lawful) and Mog (neutral). You were in the Dungeons of Doom, on level 4. You entered the dungeon 1437 turns ago. There was a full moon in effect when your adventure ended. You had 89 experience points, 71 more were needed to attain level 5. Basics: You had 0 out of 30 hit points. You had all 15 energy points (spell power). Your armor class was 6. Your wallet contained 24 zorkmids. Autopickup was on for '$"?' plus thrown, with exceptions. Final Characteristics: Your strength was 12 (limit:18/100). Your dexterity was 18 (limit:18). Your constitution was 12 (limit:18). Your intelligence was 9 (limit:18). Your wisdom was 13 (limit:18). Your charisma was 11 (limit:18). Final Status: You were not hungry. You were burdened; movement was slightly slowed. You were wielding a dagger. You had basic skill with dagger. Final Attributes: You were devoutly aligned. You were stealthy. You were warded. You were lucky. You are dead. Miscellaneous: You disabled loading of bones levels. Total elapsed playing time was 19 minutes and 44 seconds. Major events: Turn 1: Arasaka the chaotic female human Rogue entered the dungeon 594: entered the Gnomish Mines 735: attained the rank of Cutpurse (level 3) 1437: killed by a rothe Vanquished creatures: an iguana a hobbit a hobgoblin 2 garter snakes a gnome zombie 8 jackals a kobold a goblin 2 sewer rats 2 grid bugs 3 bats 4 lichens 7 newts 34 creatures vanquished. No species were genocided or became extinct. Voluntary challenges: You read items or engraved 2 times. You never engraved Elbereth. You never genocided any monsters. You never polymorphed an object. You never changed form. You used no wishes. Achievements: You entered the Gnomish Mines. You entered a shop. You attained the rank of Cutpurse. The Dungeons of Doom: levels 1 to 5 Level 1: Level 2: A delicatessen. Stairs down to The Gnomish Mines. Level 3: A potion shop. Level 4: "v" <- You were here. An armor shop, a grave. Final resting place for you, killed by a rothe. Level 5: The Gnomish Mines: Level 3: Game over: ---------- / \ / REST \ / IN \ / PEACE \ / \ | Arasaka | | 24 Au | | killed by a | | rothe | | | | | | 2023 | *| * * * | * _________)/\\_//(\/(/\)/\//\/|_)_______ Goodbye Arasaka the Rogue... You died in The Dungeons of Doom on dungeon level 4 with 578 points, and 24 pieces of gold, after 1437 moves. You were level 4 with a maximum of 30 hit points when you died.